 Dungeon Crawl Stone Soup version 0.31-a0-188-g5e087ee2ca (webtiles) character file.

Game seed: 6772393848932467826

198 qw the Skirmisher (level 5, -2/29 HPs)
             Began as a Deep Elf Hunter on June 23, 2023.
             Slain by a gnoll
             ... wielding a +0 spear
              (4 damage)
             ... on level 4 of the Dungeon.
             The game lasted 00:00:27 (1399 turns).

qw the Skirmisher (Deep Elf Hunter)                 Turns: 1399, Time: 00:00:28

Health: -2/29      AC:  9    Str: 10    XL:     5   Next: 47%
Magic:  7/7        EV: 11    Int: 14    God:
Gold:   76         SH:  0    Dex: 18    Spells: 4/4 levels left

rFire   . . .        Y - +0 shortbow
rCold   . . .        (shield currently unavailable)
rNeg    . . .        d - +0 ring mail
rPois   .            (no helmet)
rElec   .            (no cloak)
rCorr   .            (no gloves)
SInv    .            (no boots)
Will    .....        (no amulet)
Stlth   +            f - +4 ring of protection
HPRegen 0.24/turn    (no ring)
MPRegen 0.10/turn

%: no passive effects
@: no status effects
A: no striking features
a: no special abilities


You were on level 4 of the Dungeon.
You visited 1 branch of the dungeon, and saw 3 of its levels.

You collected 76 gold pieces.


   Skills:
 + Level 1.5 Fighting
 - Level 9.0 Ranged Weapons
 - Level 2.4 Dodging
 - Level 1.2 Stealth


You had 4 spell levels left.
You didn't know any spells.
Your spell library was empty.

Inventory:

Hand Weapons
 Y - a +0 shortbow (weapon)
Armour
 d - a +0 ring mail (worn)
 g - a +1 robe of fire resistance
Jewellery
 f - a +4 ring of protection (left hand)
Wands
 a - a wand of digging (2)
Scrolls
 b - a scroll of teleportation {unknown}

Dungeon Overview and Level Annotations

Branches:
Dungeon (2/15)

Altars:
Qazlal


Message History

Enter note: You shoot an arrow.
The arrow hits the kobold.
The kobold is heavily wounded.
The kobold closely misses you.
The gnoll hits you from afar with a +0 spear.
You shoot an arrow. The arrow hits the kobold.
You kill the kobold!
The gnoll hits you but does no damage.
You shoot an arrow. The arrow barely misses the gnoll.
The gnoll hits you from afar with a +0 spear.
The gnoll hits you but does no damage.
You shoot an arrow. The arrow hits the gnoll.
You kill the gnoll!
The gnoll hits you but does no damage. x2; The iguana misses you.
Your Ranged Weapons skill increases to level 9!
You shoot an arrow.
The arrow hits the iguana but does no damage.
The iguana bites you.
The gnoll hits you from afar with a +0 spear.
You shoot an arrow. The arrow hits the iguana.
The iguana is lightly wounded.
The iguana closely misses you. The gnoll hits you but does no damage.
You shoot an arrow. The arrow closely misses the iguana.
The arrow hits the jelly.
The jelly is lightly wounded.
The iguana bites you! The gnoll barely misses you.
You shoot an arrow.
The arrow hits the iguana but does no damage.
The iguana is lightly wounded.
The iguana bites you. The gnoll barely misses you.
You shoot an arrow. The arrow hits the iguana.
The iguana is heavily wounded.
The iguana barely misses you.
The gnoll hits you from afar with a +0 spear.
You shoot an arrow.
The arrow hits the iguana but does no damage.
The iguana is heavily wounded.
The iguana bites you but does no damage.
The gnoll hits you from afar with a +0 spear.
You die...

.. .. ........ .#
#...... #### #.###)....
#####..####..##.....
................B..
####...#...#####Jg
#....##.....###l#
#...#####.#..##@# #..##
#..#.##.###### ##..#
##...........#
#...#########..#.####...
..........P7.......
#..###..~~~..#.#.###
..###.~~~~~~##.#.#
.......~~~~P #.#.#
..####7¤¤~~. #...#


You could see an iguana, a jelly, a gnoll and a giant cockroach.

Vanquished Creatures
  A bullfrog (D:4)
  A quasit (D:4)
  Ijyb (D:4)
  2 gnolls (D:4)
  A shadow imp (D:4)
  A white imp (D:4)
  2 ufetubi (D:4)
  A worm (D:2)
  A dart slug (D:1)
  2 orcs (D:4)
  3 endoplasms
  3 goblins
  4 hobgoblins (D:1)
  4 kobolds
  A quokka (D:1)
  4 ball pythons
  A bat (D:1)
  A frilled lizard (D:1)
  A rat (D:1)
35 creatures vanquished.

Notes
Turn   | Place    | Note
-------+----------+-------------------------------------------
     0 | D:1      | qw the Deep Elf Hunter began the quest for the Orb.
     0 | D:1      | Reached XP level 1. HP: 12/12 MP: 3/3
     0 | D:1      | 0 ||| qw: Version: 0.3-a-9-g12657ce
     0 | D:1      | 0 ||| qw: Game counter: 3787
     0 | D:1      | 0 ||| qw: Always use a shield: true
     0 | D:1      | 0 ||| qw: God list: Okawaru
     0 | D:1      | 0 ||| qw: Allow faded altars: false
     0 | D:1      | 0 ||| qw: Do Orc after D:15 true
     0 | D:1      | 0 ||| qw: Do second Lair branch before Depths: true
     0 | D:1      | 0 ||| qw: Lair rune preference: random
     0 | D:1      | 0 ||| qw: Plans: Normal
     0 | D:1      | 0 ||| PLANNING D:1-11
   301 | D:1      | Reached skill level 6 in Ranged Weapons
   301 | D:1      | Reached XP level 2. HP: 16/16 MP: 4/4
  1068 | D:1      | Found a stormy altar of Qazlal.
  1071 | D:1      | 1071 ||| UPGRADING to +0 ring mail.
  1081 | D:1      | 1081 ||| DROPPING +0 leather armour.
  1082 | D:1      | 1082 ||| UPGRADING to +4 ring of protection.
  1083 | D:1      | 1083 ||| READING scroll labelled TOTITA DESECO.
  1084 | D:1      | 1084 ||| READING scroll labelled TIOTEPH VIURUARETU.
  1085 | D:1      | 1085 ||| READING scroll labelled ZIULUN ISOUT.
  1086 | D:1      | 1086 ||| DROPPING scroll of butterflies.
  1144 | D:2      | You fall into a shaft and drop 2 floors!
  1155 | D:4      | Reached XP level 3. HP: 20/20 MP: 5/5
  1161 | D:4      | Reached skill level 7 in Ranged Weapons
  1174 | D:4      | Noticed a bullfrog
  1189 | D:4      | Killed a bullfrog
  1190 | D:4      | Reached skill level 8 in Ranged Weapons
  1190 | D:4      | Reached XP level 4. HP: 25/25 MP: 6/6
  1229 | D:4      | Noticed Ijyb
  1239 | D:4      | Killed Ijyb
  1240 | D:4      | Reached XP level 5. HP: 26/29 MP: 7/7
  1394 | D:4      | Reached skill level 9 in Ranged Weapons
  1396 | D:4      | HP: 6/29 [iguana (9)]
  1398 | D:4      | HP: 1/29 [gnoll/+0 spear (4)]
  1399 | D:4      | Slain by a gnoll

Levels and vault maps discovered:
D:1:      dpeg_arrival_water_altar, layout_basic
D:2:      layout_loops_cross, kennysheep_small_spiral, minivault_19, uniq_robin
D:4:      layout_rooms, gammafunk_ghost_grave, serial_demonic, serial_demonic_g,
          serial_demonic_g, serial_demonic_f, serial_demonic_e, uniq_ijyb

Skill      XL: |  1  2  3  4  5 |
---------------+----------------+-----
Ranged Weapons | 6 8 9 |  9.0
Fighting       | |  1.5
Dodging        | |  2.4
Stealth        | |  1.2

Action                     |  1- 3 |  4- 6 || total
---------------------------+-------+-------++-------
   Fire: Shortbow          |    54 |    59 ||   113
    Use: Scroll            |     3 |       ||     3
 Armour: Leather armour    |     4 |       ||     4
         Ring mail         |     9 |    37 ||    46
  Dodge: Dodged            |    13 |    43 ||    56

Table legend:
 A = Non-vault XP
 B = Vault XP
 C = Vault XP percentage of total XP
 D = Non-vault monster count
 E = Vault monster count
 F = Vault count percentage of total count
                 A         B        C        D         E       F
            +---------+---------+-------+---------+---------+-------
      Total |     172 |     111 |  39.2 |      30 |       5 |  14.3
            +---------+---------+-------+---------+---------+-------
        D:1 |      32 |       0 |   0.0 |      18 |       0 |   0.0
        D:2 |       5 |       0 |   0.0 |       1 |       0 |   0.0
        D:4 |     135 |     111 |  45.1 |      11 |       5 |  31.2
            +---------+---------+-------+---------+---------+-------
